[Event "*** Titled Tuesday Blitz"]
[Site "Chess.com"]
[Date "2020.04.07"]
[Round "4"]
[White "Khamrakulov_Djurabek"]
[Black "Haykos"]
[Result "1-0"]
[WhiteElo "2897"]
[BlackElo "2596"]
[TimeControl "180+1"]
[EndTime "13:41:33 PDT"]
[Termination "Khamrakulov_Djurabek won on time"]

1. e4 c5 2. c3 d5 3. exd5 Qxd5 4. d4 Nc6 5. Nf3 Bg4 6. Be2 e6 7. h3 Bh5 8. c4 Qd7 9. g4 Bg6 10. d5 Nb4 11. Ne5 Bc2 12. Nxd7 Bxd1 13. Bxd1 Kxd7 14.
Ba4+ Kc7 15. dxe6 Nd3+ 16. Ke2 Nxc1+ 17. Rxc1 fxe6 18. Nc3 Ne7 19. Rd1 Nc6 20. Bxc6 Kxc6 21. Rd3 h5 22. g5 Be7 23. h4 Rae8 24. Rad1 a6 25. a3 Rhf8 26. Re3 Bd6 27. Re4 Rf5 28. Rd3 Be5 29. Nd1 Bd4 30. b4 b6 31. Ne3 Rf7 32. f3 Rd7 33. Nf5 e5 34. Nxd4+ cxd4 35. f4 Rde7 36.
Rxe5 Rxe5+ 37. fxe5 Rxe5+ 38. Kf3 a5 39. Rxd4 axb4 40.
axb4 Rf5+ 41. Rf4 Re5 42. Re4 Rf5+ 43. Kg3 Kd6 44. Rd4+ Kc6 45. Rf4 Re5 46. Rf7 Re4 47. b5+ Kd6 48. Rxg7 Rg4+ 49. Kh3 Rxc4 50. Rg6+ Ke5 51.
Rxb6 Rc3+ 52. Kh2 Kf4 53. g6 Kg4 54. g7 Rc8 55. Rg6+ Kxh4 56. Kg1 Rg8 57. b6 Kh3 58. b7 h4 59. Kf2 1-0

[Event "*** Titled Tuesday Blitz"]
[Site "Chess.com"]
[Date "2020.04.07"]
[Round "4"]
[White "tteshan"]
[Black "michechess89"]
[Result "0-1"]
[WhiteElo "2194"]
[BlackElo "2418"]
[TimeControl "180+1"]
[EndTime "13:41:33 PDT"]
[Termination "michechess89 won by resignation"]

1. e4 e5 2. Nf3 Nc6 3. Bb5 Nge7 4.
O-O g6 5. c3 Bg7 6. d4 exd4 7.
cxd4 d5 8. exd5 Nxd5 9. Nc3 O-O 10. Re1 Bg4 11. Bc4 Nb6 12. Be2 Bxf3 13. Bxf3 Qxd4 14. Be3 Qxd1 15. Raxd1 Rad8 16. Bf4 Rxd1 17. Rxd1 Nc4 18. Rd7 Re8 19. h3 Be5 20. Bxe5 N6xe5 21. Rxc7 Nxf3+ 22. gxf3 Nd6 23. Rd7 Re6 24. Nd5 Kg7 25. Nf4 Re1+ 26. Kg2 Nf5 27. Rxb7 g5 28. Nh5+ Kg6 29. Ng3 Nh4+ 30.
Kh2 Nxf3+ 31. Kg2 Nh4+ 32. Kh2 Rb1 33. Rxa7 Rxb2 34. Ne4 Kf5 35. Ng3+ Kg6 36. Ne4 f6 37. Ra6 Kf5 38. Ng3+ Ke5 39. Ra5+ Ke6 40. Ra6+ Kf7 41. a4 f5 42. Ra7+ Kf6 43. Kg1 f4 44. Nf1 Nf3+ 45.
Kg2 Ne1+ 46. Kh2 Rxf2+ 47. Kg1 Ra2 48. Ra6+ Kf5 49. Ra5+ Ke4 50. Rxg5 Nf3+ 51. Kh1 Nxg5 0-1

[Event "*** Titled Tuesday Blitz"]
[Site "Chess.com"]
[Date "2020.04.07"]
[Round "4"]
[White "Anna_ChessMate"]
[Black "checkmatequen"]
[Result "1-0"]
[WhiteElo "2621"]
[BlackElo "2247"]
[TimeControl "180+1"]
[EndTime "13:41:34 PDT"]
[Termination "Anna_ChessMate won on time"]

1. d4 Nf6 2. c4 e6 3. Nf3 c5 4. d5 exd5 5. cxd5 d6 6. Nc3 g6 7.
Nd2 Bg7 8. e4 O-O 9. Nc4 Qe7 10.
Bd3 b5 11. Nxb5 Nxe4 12. O-O Ba6 13. a4 Bxb5 14. axb5 Nf6 15. Qf3 Qc7 16. Bf4 Ne8 17. b6 Qd7 18. Nxd6 Nxd6 19. Bxd6 Qxd6 20. b7 Nd7 21.
bxa8=Q Rxa8 22. Ra6 Qe5 23. d6 Rb8 24. Rxa7 Qxd6 25.
Bc4 Ne5 26. Bxf7+ Kh8 27. Qg3 Qb6 28. Re7 Qxb2 29. h4 c4 30. h5 c3 31. hxg6 c2 32. Qg5 Rc8 33. Bc4 h6 34. Qf5 Rb8 35. Qe6 Nxg6 36. Re8+ Rxe8 37. Qxe8+ Nf8 38. Qf7 Kh7 39.
Bd3+ Kh8 40. Bc4 Kh7 41. Qg8+ Kg6 42. Bd3+ Kf6 43. Qc4 Qb1 44. Bxc2 Qb6 45. Qf4+ Ke7 46. Re1+ Ne6 47. Qh4+ Kd6 48. Qg4 1-0

[Event "*** Titled Tuesday Blitz"]
[Site "Chess.com"]
[Date "2020.04.07"]
[Round "4"]
[White "Sn00pPawn"]
[Black "Vadim_Biliy"]
[Result "0-1"]
[WhiteElo "1843"]
[BlackElo "2252"]
[TimeControl "180+1"]
[EndTime "13:41:34 PDT"]
[Termination "Vadim_Biliy won on time"]

1. e4 d6 2. d4 Nf6 3. Nc3 g6 4. h4 h5 5. Be3 c6 6. f3 b5 7. a3 Nbd7 8. Qd2 Nb6 9. d5 cxd5 10. Bxb5+ Bd7 11. Bxd7+ Qxd7 12. exd5 Nc4 13. Qc1 Nxe3 14.
Qxe3 Bh6 15. Qd3 Rb8 16. Rb1 O-O 17. Nge2 Rfc8 18. O-O Rc5 19. b4 Rc7 20. Nd4 Rbc8 21. Ncb5 Rb7 22. c4 a6 23. Nc3 Rbc7 24. Nc6 e6 25.
Rfe1 e5 26. Ne4 Nxe4 27. Qxe4 f5 28. Qd3 Re8 29. g3 Qg7 30. c5 Rd7 31. Qxa6 dxc5 32. bxc5 Rxd5 33. Rb2 e4 34. Rb7 Qf6 35. Nb4 Qxa6 36.
Nxa6 e3 37. Kf1 Rd2 38. Re2 Rd1+ 39. Re1 Rd2 40. Re2 Rd1+ 41. Re1 e2+ 42. Kf2 Be3+ 43.
Kxe2 Rxe1+ 44. Kxe1 Bxc5+ 0-1

[Event "*** Titled Tuesday Blitz"]
[Site "Chess.com"]
[Date "2020.04.07"]
[Round "4"]
[White "Rsnr"]
[Black "Hikaru"]
[Result "0-1"]
[WhiteElo "2814"]
[BlackElo "3266"]
[TimeControl "180+1"]
[EndTime "13:41:35 PDT"]
[Termination "Hikaru won by resignation"]

1. d4 Nf6 2. c4 e6 3. Nf3 d5 4. g3 Be7 5. Bg2 O-O 6. O-O dxc4 7. Qc2 a6 8. a4 Bd7 9. Rd1 Bc6 10. Bg5 b5 11.
Bxf6 Bxf6 12. Nc3 b4 13. Ne4 Bxe4 14. Qxe4 Ra7 15. Ne5 c5 16. dxc5 Qc7 17. Nxc4 Qxc5 18. Rac1 Rc8 19. e3 Rac7 20. b3 Nd7 21. h4 Qe7 22.
Qb1 Nc5 23. Nd6 Rb8 24. Ne4 Bc3 25. Nxc5 Rxc5 26. Qd3 a5 27. Qd7 Kf8 28. Rd3 g6 29. Rcd1 Rc7 30. Qxe7+ Kxe7 31. Bf1 Be5 32. R3d2 Rbc8 33.
Bb5 Rc3 34. Rd7+ Kf6 35. Bc4 Bc7 36. g4 h6 37. Kg2 Rc2 38. R1d2 Rxd2 39. Rxd2 Ke7 40.
Rd3 Be5 41. f4 Bc3 42. Bb5 Rc7 43. Kf3 h5 44. gxh5 gxh5 45. Bc4 Be1 46. f5 Bxh4 47. fxe6 fxe6 48. Rd4 Bf6 49. Re4 Rc6 50. Bb5 Rc5 51. Bc4 Rf5+ 52. Kg3 Be5+ 53. Kh4 Kd6 54. Kh3 Rf2 55.
Rf4 0-1

[Event "*** Titled Tuesday Blitz"]
[Site "Chess.com"]
[Date "2020.04.07"]
[Round "4"]
[White "Firegrizzly"]
[Black "Shield12"]
[Result "1/2-1/2"]
[WhiteElo "2607"]
[BlackElo "2923"]
[TimeControl "180+1"]
[EndTime "13:41:35 PDT"]
[Termination "Game drawn by stalemate"]

1. e4 e5 2. Nf3 Nc6 3. Bc4 Bc5 4.
c3 Nf6 5. d3 a6 6. a4 Ba7 7.
O-O d6 8. b4 Ne7 9. Qb3 O-O 10.
Bg5 b5 11. axb5 axb5 12. Bxb5 Bxf2+ 13. Rxf2 Rxa1 14. Qb2 Ra8 15. Bxf6 gxf6 16. Nbd2 f5 17. d4 Ng6 18. Bc6 Rb8 19. exf5 Bxf5 20. Ne4 Rb6 21. Ng3 Bg4 22. b5 f5 23. Qd2 Bxf3 24. Rxf3 f4 25.
Ne4 Kg7 26. c4 Qe7 27. c5 dxc5 28. dxc5 Rbb8 29. Rd3 Rfd8 30. Bd7 Nf8 31. c6 Rxb5 32. g3 Kh8 33. gxf4 exf4 34. Qxf4 Ng6 35. Qf6+ Qxf6 36. Nxf6 Ne5 37. Rh3 Kg7 38. Ne8+ Rxe8 39. Bxe8 Rb2 40.
Rg3+ Kf6 41. Rg2 Rb1+ 42. Kf2 Ke7 43. Bd7 Rb2+ 44. Kg3 Rxg2+ 45. Kxg2 Nxd7 46. cxd7 Kxd7 47. Kf3 Ke6 48. Ke4 h5 49. Kd4 h4 50. Ke4 h3 51.
Kf3 c5 52. Ke4 Kd6 53. Ke3 Kd5 54. Kd3 Ke5 55. Kc4 Ke4 56. Kxc5 Kf3 57. Kd4 Kg2 58. Ke3 Kxh2 59. Kf2 Kh1 60. Kf1 h2 61. Kf2 1/2-1/2

[Event "*** Titled Tuesday Blitz"]
[Site "Chess.com"]
[Date "2020.04.07"]
[Round "4"]
[White "Gabrielian_Artur"]
[Black "nabukatnezarr"]
[Result "0-1"]
[WhiteElo "2727"]
[BlackElo "2555"]
[TimeControl "180+1"]
[EndTime "13:41:35 PDT"]
[Termination "nabukatnezarr won by resignation"]

1. e4 c5 2. Nf3 d6 3. d4 cxd4 4. Nxd4 Nf6 5. Nc3 Nc6 6. Bg5 e6 7. Qd2 a6 8. O-O-O Bd7 9. f4 b5 10. Nxc6 Bxc6 11. Bd3 b4 12. Ne2 Qb6 13. Bxf6 gxf6 14.
Kb1 h5 15. f5 e5 16. Bc4 Bxe4 17. Ng3 Bc6 18. Bd5 Rc8 19. Ne4 Be7 20. Qe2 Bd7 21.
g4 hxg4 22. Qxg4 Rf8 23. h4 Kd8 24. h5 Kc7 25. h6 Qe3 26. h7 Qf4 27. Qe2 Kb6 28.
Rdf1 Bb5 29. Rxf4 Bxe2 30. Rfh4 Rh8 31. Bxf7 Rcf8 32. Bd5 Bf3 33. R1h3 Bxe4 34. Rxe4 Kc5 35. Be6 d5 36. Rg4 d4 37. Rg8 e4 38. Rhg3 Rxh7 39.
a3 Rxg8 40. Rxg8 bxa3 41. bxa3 Rh1+ 42. Kb2 e3 43. Rc8+ Kd6 44. Bc4 Rh2 45. Ra8 e2 46. Rxa6+ Kc5 47. Re6 Kxc4 48. Rxe7 d3 49. cxd3+ Kxd3 50.
Kb3 Kd2 51. Rd7+ Ke3 52. Re7+ Kf2 0-1

[Event "*** Titled Tuesday Blitz"]
[Site "Chess.com"]
[Date "2020.04.07"]
[Round "4"]
[White "Fianchettoed-Tower"]
[Black "FelixJoseYnojosa"]
[Result "0-1"]
[WhiteElo "2370"]
[BlackElo "2642"]
[TimeControl "180+1"]
[EndTime "13:41:35 PDT"]
[Termination "FelixJoseYnojosa won by checkmate"]

1. e4 c5 2. Nf3 Nc6 3. Bb5 e6 4. O-O Nge7 5. Re1 Nd4 6. Nxd4 cxd4 7. c3 a6 8. Bf1 Nc6 9. d3 Bc5 10. cxd4 Bxd4 11. Nc3 Qb6 12. Qf3 O-O 13. Na4 Qa7 14. Be3 f5 15. Nc3 fxe4 16. Qxe4 d5 17. Qh4 Bxe3 18.
fxe3 d4 19. exd4 Nxd4 20. Kh1 Nc2 21. Ne4 Nxa1 22. Rxa1 Qd4 23. Re1 Bd7 24. b3 Bc6 25. h3 Bxe4 26. dxe4 b5 27. Be2 Rac8 28. Bg4 Qf6 29.
Qg3 Rce8 30. e5 Qf4 31. Qd3 g6 32. Qd6 Kg7 33. Bxe6 Qg3 34. Rg1 Kh6 35. Bd7 Qxe5 36.
Qxa6 Rb8 37. Qc6 b4 38. Qc1+ Qf4 39. Qc2 Rbd8 40. Bc6 Rc8 41. Qe4 Qxe4 42. Bxe4 Rf2 43. Ra1 Re8 44. Bf3 Rb2 45. a3 Rxb3 46. axb4 Rxb4 47. Ra7 Rd8 48. Kh2 Rbd4 49. Ra6 R8d6 50. Ra7 Rd7 51. Ra6 Rc4 52. Ra3 Rc5 53. Re3 Kg5 54. Rb3 h5 55. Ra3 h4 56. Re3 Ra7 57. Re4 Rh7 58. Rg4+ Kf6 59. Be4 Rh6 60. Bf3 g5 61.
Ra4 Ke5 62. Ra7 Rd6 63. Rf7 Rf6 64. Re7+ Kf5 65. Bg4+ Kf4 66. Bf3 Re5 67. Rg7 Ra5 68. Rg8 Ra2 69. Rg7 Ke3 70. Bb7 Rf1 71. Rxg5 Rb2 72.
Re5+ Kf4 73. Re4+ Kf5 74. Re7 Rbb1 75. g4+ Kf4 76. Re2 Rxb7 77. Rg2 Rbb1 78. Rg1 Rxg1 79. g5 Kf3 80. g6 Rg2# 0-1

[Event "*** Titled Tuesday Blitz"]
[Site "Chess.com"]
[Date "2020.04.07"]
[Round "4"]
[White "Jenia84"]
[Black "SARGISMV"]
[Result "1-0"]
[WhiteElo "2309"]
[BlackElo "2497"]
[TimeControl "180+1"]
[EndTime "13:41:35 PDT"]
[Termination "Jenia84 won by resignation"]

1. Nf3 Nf6 2. g3 b5 3. Bg2 Bb7 4. O-O e6 5. a4 b4 6. c3 a5 7. d3 d5 8. Bg5 Nbd7 9. Nbd2 h6 10. Bf4 Be7 11. Ne5 O-O 12. Nxd7 Qxd7 13. e4 dxe4 14. Nxe4 Nxe4 15. dxe4 Rfd8 16. Qxd7 Rxd7 17. Rfd1 Rad8 18. Rxd7 Rxd7 19. Rc1 b3 20. Kf1 Bc6 21. Ke1 Bc5 22. Bf3 g5 23. Be5 f5 24. Rd1 Rxd1+ 25.
Bxd1 Bxa4 26. exf5 exf5 27. Bxc7 Kf7 28. Bxa5 Ke6 29.
Bc7 Kd7 30. Be5 Ke6 31. Bg7 h5 32. Bxh5 Ba3 33. c4 Bb4+ 34. Kd1 Bc5 35. f4 g4 36. Ke2 Bc6 37. h4 gxh3 38. Bf3 Ba4 39. Be5 h2 40. Bd5+ Ke7 41. Kf1 Bg1 42. Kg2 Be8 43. Bf3 Bd7 44. Bc3 Be6 45. Bb4+ Kd7 46. c5 Kc7 47. Ba5+ Kd7 48.
c6+ Kc8 49. c7 Bd7 50. Be1 Bb6 51. Bf2 Kxc7 52. Bxb6+ Kxb6 53. Kxh2 Be6 54. Bd1 Kc5 55. g4 Kd4 56. gxf5 Bf7 57. Bxb3 Ke3 58. Bxf7 1-0

[Event "*** Titled Tuesday Blitz"]
[Site "Chess.com"]
[Date "2020.04.07"]
[Round "4"]
[White "Siemba"]
[Black "gmkomarov"]
[Result "0-1"]
[WhiteElo "2224"]
[BlackElo "2492"]
[TimeControl "180+1"]
[EndTime "13:41:36 PDT"]
[Termination "gmkomarov won on time"]

1. e4 e5 2. Nf3 Nc6 3. Bc4 Nf6 4. d3 Bc5 5. c3 d6 6. O-O a6 7. a4 h6 8. Nbd2 Ba7 9. h3 O-O 10. Re1 Be6 11. b4 Bxc4 12. Nxc4 Ne7 13. Be3 Ng6 14. Bxa7 Rxa7 15. g3 Qd7 16. Kg2 Raa8 17. Qb3 Kh8 18. b5 axb5 19. axb5 Nh5 20. Ng1 Rxa1 21. Rxa1 f5 22.
exf5 Qxf5 23. Qc2 d5 24. Ne3 Qe6 25. d4 e4 26. c4 Nf6 27. cxd5 Nxd5 28. Re1 Re8 29.
Nc4 Kh7 30. Ne5 Nxe5 31. Qxe4+ Ng6 32. Qxe6 Rxe6 33. Rxe6 Ndf4+ 34. gxf4 Nxf4+ 35. Kf3 Nxe6 36. Ke4 Kg6 37. Ke5 Kf7 38. f4 Nf8 39. Nf3 Nd7+ 40. Ke4 Nf6+ 41. Ke5 Ke7 42. Nh4 Nd7+ 43. Kd5 Kf6 44. Ke4 Nb6 45. Nf3 Nc4 46. Ne5 Nd6+ 47. Kd5 Nxb5 48. Nd7+ Kf5 49. Nc5 b6 50. Na6 Kxf4 51.
Kc4 c6 52. Nb8 Na7 53. Nd7 Nc8 54. Ne5 Ne7 55. Nd7 Kg3 56. Nxb6 Kxh3 57. Kc5 g5 58. Kd6 Nf5+ 59. Ke5 g4 60. Nc4 g3 61. Nd2 Nh4 62. Kf4 g2 0-1

[Event "*** Titled Tuesday Blitz"]
[Site "Chess.com"]
[Date "2020.04.07"]
[Round "4"]
[White "AndrewMaco"]
[Black "IrI_Cheetah"]
[Result "1-0"]
[WhiteElo "2633"]
[BlackElo "2329"]
[TimeControl "180+1"]
[EndTime "13:41:37 PDT"]
[Termination "AndrewMaco won on time"]

1. d4 Nf6 2. c4 b6 3. f3 Nc6 4. e4 e5 5. d5 Nd4 6. Ne2 Bc5 7. Nbc3 Nh5 8. Qd3 Ba6 9. b3 O-O 10.
Be3 f5 11. exf5 Nc2+ 12. Qxc2 Bxe3 13. Qe4 Qg5 14. h4 Qh6 15. g4 Nf6 16. Qd3 Rae8 17.
Bg2 e4 18. Nxe4 Rxe4 19. fxe4 Nxg4 20. Rh3 Bf2+ 21. Kd1 Ne3+ 22. Rxe3 Bxe3 23. Kc2 Bc5 24. e5 Qxh4 25. Be4 h6 26. Rf1 Qh2 27. e6 dxe6 28.
dxe6 Qe5 29. Bd5 Kh8 30. Qe4 Qh2 31. Kb1 Ba3 32. Qc2 Bd6 33. Nd4 Qh4 34. Qe4 Qf6 35.
Kc2 Bc8 36. Nc6 Qg5 37. Nd4 Qg3 38. Qf3 Qe5 39. Kd3 Bc5 40. Qe4 Qg3+ 41. Rf3 Qg1 42. Kc2 Bxd4 43. e7 Re8 44. Bc6 Qg2+ 45. Kd3 Rxe7 46.
Qxe7 Bf6 47. Qe8+ Kh7 48. Qxc8 1-0

[Event "*** Titled Tuesday Blitz"]
[Site "Chess.com"]
[Date "2020.04.07"]
[Round "4"]
[White "Hubbery"]
[Black "DerKnipser"]
[Result "1-0"]
[WhiteElo "2628"]
[BlackElo "2315"]
[TimeControl "180+1"]
[EndTime "13:41:37 PDT"]
[Termination "Hubbery won by resignation"]

1. d4 f5 2. Nc3 Nf6 3. Bg5 d5 4. Bxf6 exf6 5. e3 c6 6. Bd3 g6 7. h4 h5 8. Nh3 Be6 9. Ne2 Bf7 10.
Qd2 Nd7 11. Nhf4 Nb6 12. b3 Nc8 13. c4 Nd6 14. c5 Ne4 15. Qc2 Qa5+ 16. Kf1 g5 17. Nh3 gxh4 18. Nhf4 Bh6 19. Rxh4 Bxf4 20. Nxf4 O-O-O 21. f3 Ng3+ 22. Kf2 Rdg8 23. a3 Qc7 24. b4 Kb8 25. b5 cxb5 26. Bxb5 Be8 27. Bd3 Qa5 28. Nxd5 Ba4 29. Qb2 Bc6 30. Ne7 Qc7 31. Nxg8 Rxg8 32. Rf4 h4 33. Qb3 Qg7 34. Rg1 h3 35.
Qxg8+ Qxg8 36. gxh3 Ne4+ 37. fxe4 Qh7 38. d5 fxe4 39.
Bxe4 Bd7 40. h4 f5 41. Bf3 a5 42. d6 Qf7 43. h5 Qa2+ 44. Be2 Qxa3 45. h6 Qxc5 46.
h7 Qxd6 47. h8=Q+ Ka7 48. Qd4+ Qxd4 49. Rxd4 Bc6 50. Rg7 Kb6 51. Bf3 Kc5 52. Bxc6 bxc6 53. Rf4 a4 54. Rxf5+ Kb6 55. Rg8 c5 56. Ra8 Kb5 57.
Rf6 c4 58. Rfa6 c3 59. Rxa4 c2 60. Ra1 1-0

[Event "*** Titled Tuesday Blitz"]
[Site "Chess.com"]
[Date "2020.04.07"]
[Round "4"]
[White "WelshTiger"]
[Black "nickmatta"]
[Result "1-0"]
[WhiteElo "2403"]
[BlackElo "2224"]
[TimeControl "180+1"]
[EndTime "13:41:37 PDT"]
[Termination "WelshTiger won on time"]

1. e4 e5 2. Nf3 Nc6 3. Nc3 Nf6 4. d4 exd4 5. Nxd4 Bb4 6. Nxc6 bxc6 7. Bd3 d5 8. exd5 cxd5 9. O-O O-O 10. h3 h6 11. Qf3 c6 12. Bf4 Bd6 13. Rfe1 Rb8 14. b3 Be6 15. Rad1 Qc7 16. Bxd6 Qxd6 17. Ne2 Rfe8 18.
c4 Bd7 19. Ng3 d4 20. Nf5 Bxf5 21. Qxf5 c5 22. g3 g6 23. Qf3 Kg7 24. Bf1 Rbd8 25. Bg2 Rxe1+ 26. Rxe1 d3 27. Rd1 d2 28. Qc3 Rd7 29. Bf3 h5 30. Bd5 h4 31. g4 Qf4 32.
Rxd2 Kh7 33. Rd3 Re7 34. Rf3 Nxd5 35. cxd5 Qd6 36. Qd3 Re1+ 37. Kg2 Kg8 38. Qd2 Re4 39. Rd3 a5 40. Qxa5 c4 41. bxc4 Rxc4 42. Qd2 Kh7 43. Rc3 Rxc3 44. Qxc3 Qxd5+ 45. Qf3 Qxa2 46. g5 Qe6 47. Qf4 Qd5+ 48. Kh2 1-0

[Event "*** Titled Tuesday Blitz"]
[Site "Chess.com"]
[Date "2020.04.07"]
[Round "4"]
[White "CalinGheorghiu"]
[Black "joksijoksi"]
[Result "1/2-1/2"]
[WhiteElo "2445"]
[BlackElo "2271"]
[TimeControl "180+1"]
[EndTime "13:41:38 PDT"]
[Termination "Game drawn by repetition"]

1. e4 e6 2. d4 d5 3. Nc3 Bb4 4. e5 c5 5. a3 Bxc3+ 6. bxc3 Qa5 7. Bd2 Qa4 8. Qg4 Kf8 9. Qd1 b6 10. Nf3 Ba6 11. Bxa6 Qxa6 12. h4 Nd7 13. h5 h6 14. a4 Ne7 15. a5 Qc8 16. O-O Nc6 17. axb6 axb6 18. c4 dxc4 19. Be3 Nb4 20. Rxa8 Qxa8 21.
dxc5 Nd5 22. cxb6 Nxe3 23. Qd6+ Kg8 24. fxe3 Qb7 25. Rb1 Kh7 26. Qe7 Rf8 27. Rd1 Qxb6 28. Qxd7 Qxe3+ 29. Kh1 Qe4 30. Qd4 Qxc2 31. Rd2 Qb1+ 32.
Kh2 Qf5 33. Qxc4 Qxh5+ 34. Qh4 Qf5 35. Rf2 Rc8 36. Qh3 Qg6 37. Nh4 Qg5 38. Qg3 Qxg3+ 39. Kxg3 g5 40. Nf3 Kg6 41. Nd2 Rc3+ 42. Rf3 Rxf3+ 43.
gxf3 Kf5 44. Nc4 f6 45. exf6 Kxf6 46. Kg4 Kg6 47. Ne5+ Kf6 48. Nd7+ Kg6 49. Nf8+ Kf7 50. Nd7 Kg6 51. Ne5+ Kf6 52. Nd3 Kg6 53. Ne5+ 1/2-1/2

[Event "*** Titled Tuesday Blitz"]
[Site "Chess.com"]
[Date "2020.04.07"]
[Round "4"]
[White "Noam_Vitenberg"]
[Black "imdarealist"]
[Result "1-0"]
[WhiteElo "2430"]
[BlackElo "2218"]
[TimeControl "180+1"]
[EndTime "13:41:38 PDT"]
[Termination "Noam_Vitenberg won by resignation"]

1. e4 e5 2. Nc3 Nf6 3. Bc4 Bb4 4. a3 Bxc3 5. dxc3 O-O 6. f3 d6 7.
Ne2 Be6 8. Bd3 c6 9. Bg5 Nbd7 10. Qd2 a5 11. O-O-O b5 12. g4 Qb6 13. Ng3 b4 14.
cxb4 axb4 15. Qxb4 Qc7 16. Nf5 c5 17. Qc3 c4 18.
Be2 Ra6 19. Ne7+ Kh8 20. Nd5 Bxd5 21. exd5 Rc8 22. Be3 Qb7 23. Bxc4 Ra4 24. Qb3 Qa8 25. Bb5 Ra5 26. Bc6 Qb8 27. Qxb8 Rxb8 28. g5 Nc5 29.
Bxc5 Rxc5 30. gxf6 gxf6 31. Rd3 Rb6 32. b4 Rc4 33. Kb2 f5 34. Kb3 Rh4 35. c4 Kg7 36. a4 e4 37. fxe4 fxe4 38. Rg3+ Kf6 39. a5 Ra6 40. Bb7 Ra7 41. a6 Ke5 42. Re1 f5 43. Rge3 f4 44. Rxe4+ Kf5 45. b5 Rh3+ 46. Kb4 Rxh2 47.
R1e2 Rh1 48. Re1 Rh2 49. R4e2 Rh3 50. Bc8+ Kf6 51. Bxh3 1-0

[Event "*** Titled Tuesday Blitz"]
[Site "Chess.com"]
[Date "2020.04.07"]
[Round "4"]
[White "DrVelja"]
[Black "tandaleo"]
[Result "1-0"]
[WhiteElo "2634"]
[BlackElo "2338"]
[TimeControl "180+1"]
[EndTime "13:41:39 PDT"]
[Termination "DrVelja won on time"]

1. e4 e5 2. Nf3 Nc6 3. Bb5 a6 4. Ba4 Nf6 5. O-O Be7 6. d3 d6 7. c3 O-O 8. Nbd2 b5 9. Bb3 Bb7 10. Re1 Re8 11. Nf1 Bf8 12. Ng3 g6 13. h3 Bg7 14.
Nh2 Na5 15. Bc2 c5 16. Ng4 Nxg4 17. hxg4 d5 18. g5 d4 19. Qe2 c4 20. Rd1 Qe7 21. Bd2 dxc3 22. Bxc3 b4 23. Bd2 Rac8 24. dxc4 Nxc4 25.
Bc1 a5 26. Bd3 Red8 27. Nf1 Nd6 28. f3 Rc7 29. Be3 Nc8 30. Rac1 Rcd7 31. Bb5 Rxd1 32.
Rxd1 Rxd1 33. Qxd1 Bf8 34. Nh2 Nd6 35. Be2 Qc7 36. Ng4 Be7 37. Qd2 Nc4 38. Bxc4 Qxc4 39. Qd7 Bc8 40. Qxe7 Bxg4 41. Qd8+ Kg7 42. Qf6+ Kg8 43.
fxg4 Qxe4 44. Qd8+ Kg7 45. Qf6+ Kg8 46. Bf2 Qb1+ 47.
Kh2 Qxb2 48. Qd8+ Kg7 49. Bc5 1-0

[Event "*** Titled Tuesday Blitz"]
[Site "Chess.com"]
[Date "2020.04.07"]
[Round "4"]
[White "CakeinSpace2002"]
[Black "Alex_Terzi"]
[Result "0-1"]
[WhiteElo "2170"]
[BlackElo "2406"]
[TimeControl "180+1"]
[EndTime "13:41:39 PDT"]
[Termination "Alex_Terzi won by resignation"]

1. d4 Nf6 2. Bf4 g6 3. Nc3 d5 4. Qd2 h6 5. f3 Bg7 6. e4 dxe4 7.
fxe4 Nc6 8. O-O-O e5 9. dxe5 Qxd2+ 10. Rxd2 Nh5 11. g3 g5 12. Be3 Bxe5 13. Nf3 Bxc3 14. bxc3 Nf6 15. Bd3 O-O 16. Rf1 Ng4 17. Bg1 Nge5 18.
Nd4 Bh3 19. Rf6 Kg7 20. Rff2 Rad8 21. Nf5+ Bxf5 22. Rxf5 f6 23. Bc5 Rf7 24. Bb5 Rxd2 25. Kxd2 b6 26. Bd4 Rd7 27. Ke3 Rd6 28. Bxc6 Nxc6 29.
e5 fxe5 30. Rxe5 Kg6 31. Re8 Na5 32. Ra8 c5 33. Bh8 Nc4+ 34. Ke4 Rd7 35. a4 Na3 36. Rc8 Nxc2 37. a5 Na3 38. a6 Nb5 39. c4 Nd6+ 40.
Kd5 Nxc8+ 41. Ke6 Rd3 42. Be5 Re3 43. Kd5 b5 44. cxb5 Nb6+ 45. Kd6 Nc4+ 46. Kxc5 Nxe5 47. b6 axb6+ 48. Kxb6 Nd7+ 49. Kc7 Nc5 50. a7 Ra3 51. Kb6 Nd7+ 52. Kb7 Rxa7+ 53. Kxa7 Ne5 54. Kb7 Nf3 55. Kc6 Nxh2 56. Kd5 Nf1 0-1

[Event "*** Titled Tuesday Blitz"]
[Site "Chess.com"]
[Date "2020.04.07"]
[Round "4"]
[White "Shukh_Nikolay"]
[Black "joshdaruca"]
[Result "0-1"]
[WhiteElo "2551"]
[BlackElo "2768"]
[TimeControl "180+1"]
[EndTime "13:41:41 PDT"]
[Termination "joshdaruca won on time"]

1. e4 c5 2. Nf3 e6 3. d4 cxd4 4. c3 dxc3 5. Nxc3 Nc6 6. Bc4 d6 7. O-O Be7 8. Qe2 Nf6 9. Rd1 e5 10. h3 O-O 11. Bg5 Be6 12. Bxf6 Bxf6 13. Nd5 Rc8 14. a3 a6 15. Rac1 Nd4 16. Nxd4 exd4 17. Ba2 Rxc1 18. Rxc1 Re8 19. Qd3 Be5 20. Rf1 g6 21. f4 Bf6 22. Qf3 Bd7 23. e5 dxe5 24. fxe5 Bxe5 25. Qxf7+ Kh8 26. Nf6 Bxf6 27. Rxf6 Qe7 28.
Qxe7 Rxe7 29. Rd6 Bc6 30. Bd5 Bxd5 31. Rxd5 Re1+ 32. Kh2 Re2 33. Rxd4 Rxb2 34. Rd7 Rb3 35. a4 a5 36. h4 Rb4 37. Kh3 b6 38. Rb7 Kg8 39.
g4 Rxa4 40. Rxb6 Ra3+ 41. Kg2 a4 42. Rb7 Rb3 43. Ra7 a3 44. h5 gxh5 45. gxh5 h6 46. Kf2 Kf8 47. Kg2 Ke8 48. Kf2 Kd8 49. Ra6 Rb2+ 50.
Kg3 a2 51. Ra7 Kc8 52. Kf4 Kb8 53. Ra3 Kb7 54. Kf5 Rg2 55. Kf6 Kb6 0-1

[Event "*** Titled Tuesday Blitz"]
[Site "Chess.com"]
[Date "2020.04.07"]
[Round "4"]
[White "gena217"]
[Black "bascheyaro"]
[Result "1-0"]
[WhiteElo "2949"]
[BlackElo "2755"]
[TimeControl "180+1"]
[EndTime "13:41:42 PDT"]
[Termination "gena217 won by resignation"]

1. e4 e6 2. d4 d5 3. Nd2 c5 4.
exd5 exd5 5. Ngf3 Nc6 6. Bb5 c4 7. O-O Bd6 8. b3 cxb3 9. Bxc6+ bxc6 10. axb3 Ne7 11. Ba3 Bxa3 12. Rxa3 O-O 13. Qa1 a6 14. Re1 Re8 15. b4 Nf5 16. Nb3 Rb8 17. c3 Nd6 18.
Nc5 Nc4 19. Ra2 Bg4 20. Ne5 Nxe5 21. dxe5 Qg5 22. Nd3 Bf3 23. g3 Be4 24. f4 Qf5 25. Nc5 f6 26. Nxe4 dxe4 27. Rae2 h5 28. Rxe4 h4 29.
Qxa6 Qg4 30. Qe2 Qh3 31. Qf3 fxe5 32. Rxe5 Rxe5 33. Rxe5 hxg3 34. Qxg3 Qd7 35. Qf3 Ra8 36. Qe2 Ra1+ 37. Kg2 Kf7 38. Qh5+ Kf8 39. Qf5+ Qxf5 40. Rxf5+ Ke7 41. Rg5 Ra2+ 42. Kh3 Rc2 43. Rxg7+ Kf6 44. Rg3 Kf5 45. Rf3 Rc1 46. Kg2 Rc2+ 47. Kg1 Rc1+ 48. Kf2 Rc2+ 49. Ke3 Rxh2 50. Kd4 Rh5 51. Rf1 Rh3 52.
Kc4 Re3 53. Rd1 Re6 54. Rd4 Rh6 55. Kc5 Rg6 56. c4 Re6 57. Rd6 Re8 58. Rxc6 Kxf4 59. b5 Ke5 60. b6 Ra8 61. b7 1-0

[Event "*** Titled Tuesday Blitz"]
[Site "Chess.com"]
[Date "2020.04.07"]
[Round "4"]
[White "Gogolev_Artemy"]
[Black "meridaandres"]
[Result "1-0"]
[WhiteElo "2465"]
[BlackElo "2272"]
[TimeControl "180+1"]
[EndTime "13:41:42 PDT"]
[Termination "Gogolev_Artemy won by resignation"]

1. d4 Nf6 2. Nf3 g6 3. b3 Bg7 4.
Bb2 O-O 5. g3 d6 6. Bg2 e5 7.
dxe5 dxe5 8. Qxd8 Rxd8 9. Nxe5 Ng4 10. Nd3 Bxb2 11. Nxb2 Nc6 12. Bxc6 bxc6 13. Nd2 Nxf2 14.
Kxf2 Rxd2 15. Rhd1 Rxc2 16. Rd8+ Kg7 17. Nc4 Rxe2+ 18. Kxe2 Bg4+ 19. Ke3 Rxd8 20. Rc1 Re8+ 21. Kd4 Re2 22. Ne3 Bf3 23. Rc2 Rxc2 24. Nxc2 f5 25. Ke5 Kf7 26. Nb4 Ke7 27. Na6 Kd7 28. h4 Be2 29.
Nc5+ Ke7 30. Ne6 Bd3 31. Nxc7 Bb1 32. a3 a5 33. Na6 Bc2 34. Nc5 Bd1 35. b4 axb4 36.
axb4 Bf3 37. Nd3 Be4 38. Nf4 Kf7 39. Ne2 Ke7 40. Nd4 Kd7 41. Ne6 Ke7 42. Nc5 Bd5 43. b5 Kd8 44. Kd6 cxb5 45. Kxd5 h6 46. Ke5 g5 47.
hxg5 hxg5 48. Kxf5 Ke7 49. Kxg5 Kd6 50. Nb3 Kd5 51.
Kf4 Kc4 52. Na5+ Kb4 53. Nc6+ Kc5 54. Ne5 Kd5 55. Nd3 Kd4 56. Nb4 Kc4 57. Na6 Kd5 58.
g4 Ke6 59. g5 Kf7 60. Kf5 Kg7 61. g6 Kg8 62. Kf6 Kf8 63. g7+ Kg8 64. Nb4 Kh7 65.
Kf7 Kh6 1-0

[Event "*** Titled Tuesday Blitz"]
[Site "Chess.com"]
[Date "2020.04.07"]
[Round "4"]
[White "Colombiano07"]
[Black "jeaston1"]
[Result "0-1"]
[WhiteElo "2246"]
[BlackElo "2443"]
[TimeControl "180+1"]
[EndTime "13:41:44 PDT"]
[Termination "jeaston1 won by resignation"]

1. Nf3 d5 2. b3 Bg4 3. e3 Nd7 4. Be2 Ngf6 5. Bb2 g6 6. h3 Bxf3 7. Bxf3 c6 8. c4 dxc4 9. bxc4 Bg7 10. O-O O-O 11. d4 Re8 12. Qb3 Qb6 13. Nc3 e5 14.
Na4 Qc7 15. Rac1 exd4 16. exd4 Ne4 17. Rfe1 Nd2 18. Qd3 Nxf3+ 19. Qxf3 c5 20. dxc5 Bxb2 21. Nxb2 Nxc5 22. Nd3 Nxd3 23. Qxd3 b6 24. Qd4 Rad8 25. Rxe8+ Rxe8 26. Rd1 Rc8 27. Re1 Rd8 28. Qf6 Rf8 29.
Re4 h5 30. h4 Qc5 31. g3 Qa3 32. Re2 Qc1+ 33. Kg2 Qxc4 34. Re5 Qc2 35. Rg5 Rc8 36. g4 Qc6+ 37. Qxc6 Rxc6 38. gxh5 Kg7 39. hxg6 Rxg6 40.
f4 Rxg5+ 41. hxg5 b5 42. Kf3 Kg6 43. Ke4 a5 44. Ke5 a4 45. Kd4 Kf5 46. Kc5 Kxf4 47. Kxb5 Kxg5 48. Kxa4 f5 49. Kb4 f4 50. a4 f3 51. a5 f2 52. a6 f1=Q 53. a7 Qf8+ 0-1